 Dungeon Crawl Stone Soup version 0.32-a0-18-g89e19f1974 (webtiles) character file.

Game seed: 17097518629603049935

165 Implojin the Apothecary (level 5, -1/45 HPs)
             Began as a Naga Alchemist on Jan 16, 2024.
             Slain by a gnoll
             ... wielding a +0 flail
              (9 damage)
             ... on level 3 of the Dungeon.
             The game lasted 00:10:50 (1828 turns).

Implojin the Apothecary (Naga Alchemist)            Turns: 1828, Time: 00:10:50

Health: -1/45      AC:  5    Str: 10    XL:     5   Next: 46%
Magic:  6/8        EV: 10    Int: 16    God:
Gold:   152        SH:  0    Dex: 13    Spells: 1/8 levels left

rFire   . . .        d - +1 short sword
rCold   . . .        (no shield)
rNeg    + . .        a - +0 robe
rPois   +            f - +0 helmet
rElec   .            (no cloak)
rCorr   .            e - +1 pair of gloves
SInv    +            (no barding)
Will    .....        (no amulet)
Stlth   ++           o - ring of positive energy
HPRegen 0.27/turn    (no ring)
MPRegen 0.11/turn

%: no passive effects
@: short of breath, very slow
A: AC +1, large, see invisible, deformed body, poison resistance, slowness 2,
spit poison 1, naga tail 1
a: Spit Poison


You were on level 3 of the Dungeon.
You visited 1 branch of the dungeon, and saw 3 of its levels.

You collected 152 gold pieces.

Inventory:

Hand Weapons
 c - a +0 dagger
 d - a +1 short sword (weapon)
 h - a +0 flail of pain
 j - a +1 hand axe of freezing
Missiles
 k - 8 poisoned darts
Armour
 a - a +0 robe (worn)
 e - a +1 pair of gloves (worn)
 f - a +0 helmet (worn)
 g - a +0 plate armour
 i - a +0 ring mail
Jewellery
 o - a ring of positive energy (left hand)
Scrolls
 q - a scroll of identify
Potions
 b - 2 potions of magic
 m - a potion of brilliance
 p - a potion of cancellation


   Skills:
 - Level 2.0 Fighting
 * Level 3.4 Short Blades
 - Level 1.5 Dodging
 - Level 3.0 Stealth
 - Level 2.0 Spellcasting
 - Level 1.0 Conjurations
 - Level 5.0 Alchemy


You had one spell level left.
You knew the following spells:

 Your Spells              Type           Power      Damage    Failure   Level
a - Sting                 Conj/Alch      44%        1d5       6%          1
b - Mercury Vapours       Alch/Air       18%        N/A       11%         2
c - Sticky Flame          Fire/Alch      9%         2d5       58%         4

Your spell library contained the following spells:

 Spells                   Type           Power      Damage    Failure   Level
 Mephitic Cloud           Conj/Alch/Air  8%         N/A       26%         3
 Olgreb's Toxic Radiance  Alch           17%        N/A       26%         4
 Lesser Beckoning         Tloc           2%         N/A       30%         2
 Gell's Gravitas          Tloc           1%         N/A       52%         3
 Teleport Other           Tloc           1%         N/A       52%         3


Dungeon Overview and Level Annotations

Branches:
Dungeon (3/15)

Altars:
Qazlal
Uskayaw

Shops:
D:3 !


Innate Abilities, Weirdness & Mutations

Your serpentine skin is tough. (AC +1)
You have supernaturally acute eyesight. (SInv)
Armour fits poorly on your strangely shaped body.
Your system is resistant to poisons. (rPois)
You cover ground very slowly.
You can spit poison.
You have a snake-like lower body.


Message History

Danger: Low HP Warning |T3| Reason: 11% HP (5/45)
You aren't carrying any items that you can evoke.
Unknown command.
You feel better. The gnoll hits you but does no damage.
The gnoll closely misses you.
Unknown command.
You aren't carrying any items that you can evoke.
Unknown command.
Aiming: Spit Poison (1% risk of failure)
Press: ? - help, Shift-Dir - straight line, f/p - gnoll
Aim: a gnoll, wielding a +0 spear (heavily wounded, very poisoned, weak, 65% to hit)
The splash of poison hits the gnoll.
The gnoll is moderately wounded.
The gnoll hits you but does no damage. x2
Unknown command.
Okay, then.
As you read the scroll labelled ADEOCI KURPHU, it crumbles to dust.
It is a scroll of enchant weapon.
Your +0 short sword glows red for a moment.
The gnoll hits you from afar with a +0 spear.
The gnoll closely misses you.
Danger: Low HP Warning |T3| Reason: 26% HP (12/45)
You hit the gnoll.
The gnoll is heavily wounded.
The gnoll barely misses you. The gnoll hits you but does no damage.
You hit the gnoll.
The gnoll is severely wounded.
The gnoll hits you from afar with a +0 spear.
The gnoll hits you with a +0 flail.
Danger: Low HP Warning |T3| Reason: 17% HP (8/45)
You barely miss the gnoll.
The gnoll is severely wounded.
The gnoll closely misses you.
Okay, then.
You aren't carrying any items that you can evoke.
Unknown command.
You hit the gnoll but do no damage.
The gnoll is severely wounded.
The gnoll is no longer weakened.
The gnoll hits you with a +0 flail!
You die...

#.....##...# # ##.######≈.≈# #..#
#≈.§# #.## #§.§# #.# #≈§≈# ###.#
#≈.≈# #...# #≈.§# ########
####.#########≈.≈###
.......#######.g@.'.≈≈§§≈§§≈.≈≈§≈
..............g##.'§§§......≈..).
#.##.....##.##..#.'§§§≈≈≈≈≈≈§≈≈≈≈
.#.##.#.##.#.##.###########≈.≈###
.#...###...#†.#g## #§§≈#
.#.##.#.##.#.##..# #≈.≈#
#†##.....##.##...# #≈.≈#
...............).# #§§≈#
########....††..## #≈§§#


You could see 2 gnolls.

Vanquished Creatures
  A bombardier beetle (D:3)
  Robin (D:2)
  3 gnolls
  2 adders (D:2)
  A shadow imp (D:3)
  A ribbon worm (D:2)
  A dart slug (D:3)
  5 endoplasms
  A giant cockroach (D:1)
  10 goblins
  8 hobgoblins
  2 jackals (D:2)
  2 quokkas
  7 ball pythons
  4 bats
  A frilled lizard (D:1)
  5 kobolds
  5 rats
60 creatures vanquished.

Notes
Turn   | Place    | Note
-------+----------+-------------------------------------------
     0 | D:1      | Implojin the Naga Alchemist began the quest for the Orb.
     0 | D:1      | Reached XP level 1. HP: 15/15 MP: 3/3
    52 | D:1      | Reached skill level 1 in Short Blades
   108 | D:1      | Reached XP level 2. HP: 22/22 MP: 3/5
   559 | D:2      | Reached skill level 1 in Fighting
   569 | D:2      | Reached XP level 3. HP: 31/31 MP: 4/6
  1086 | D:2      | Noticed Robin
  1197 | D:2      | Reached XP level 4. HP: 39/39 MP: 7/7
  1213 | D:2      | Killed Robin
  1497 | D:2      | Learned a level 2 spell: Mercury Vapours
  1502 | D:2      | Learned a level 4 spell: Sticky Flame
  1557 | D:3      | Found a hide-covered altar of Uskayaw.
  1573 | D:3      | Noticed a water elemental
  1577 | D:3      | Reached skill level 4 in Alchemy
  1577 | D:3      | Reached XP level 5. HP: 45/45 MP: 5/8
  1586 | D:3      | Found a stormy altar of Qazlal.
  1589 | D:3      | Noticed a fire elemental
  1589 | D:3      | Noticed an air elemental
  1657 | D:3      | Found Byuxke's Distillery.
  1809 | D:3      | Reached skill level 5 in Alchemy
  1828 | D:3      | Slain by a gnoll

Illustrated notes

Levels and vault maps discovered:
D:1:      dpeg_arrival_simpleton_a, layout_rooms
D:2:      layout_rooms, st_stairs_14, cheibrodos_gnoll_hut, uniq_robin
D:3:      minmay_bubble_buster, layout_rooms, nicolae_qazlal_style_of_elements,
          tgw_kikubaaqudgha, nicolae_uskayaw_murder_on_the_dancefloor,
          serial_shops, nicolae_shop_stone,
          mainiacjoe_sewer_entry_somewhere_in_here_2,
          kennysheep_cross_bottleneck, minmay_ruptured

Skill      XL: |  1  2  3  4  5 |
---------------+----------------+-----
Short Blades   | 1 2 3 |  3.4
Fighting       | 1 2 |  2.0
Alchemy        | 4 5 |  5.0
Dodging        | |  1.5
Stealth        | |  3.0
Spellcasting   | |  2.0
Conjurations   | |  1.0

Action                     |  1- 3 |  4- 6 || total
---------------------------+-------+-------++-------
  Melee: Dagger            |     3 |       ||     3
         Short sword       |    63 |    91 ||   154
   Cast: Sting             |    12 |     8 ||    20
         Mercury Vapours   |       |     6 ||     6
Ability: Spit Poison       |    34 |    19 ||    53
    Use: Scroll            |     4 |     1 ||     5
         Potion            |       |     4 ||     4
   Stab: Sleeping          |       |     2 ||     2
 Armour: Robe              |    36 |    72 ||   108
  Dodge: Dodged            |    46 |    52 ||    98

Table legend: (Time is in decaauts)
 A = Elapsed time spent in this place.
 B = Non-inter-level travel time spent in this place.
 C = Inter-level travel time spent in this place.
 D = Time resting spent in this place.
 E = Time spent auto-exploring this place.
 F = Levels seen in this place.
 G = Mean time per level.
                   A        B        C        D        E       F      G
               +--------+--------+--------+--------+--------+-----+--------+
         Total |   2231 |   2130 |    101 |    314 |    785 |   3 |  743.7 |
       Dungeon |   2231 |   2130 |    101 |    314 |    785 |   3 |  743.7 |
               +--------+--------+--------+--------+--------+-----+--------+

Top non-repeatable levels by time:
     D:2: 1142 daAuts
     D:1: 712 daAuts
     D:3: 376 daAuts
